 Dungeon Crawl Stone Soup version 0.18-a0-884-gb6cfd45 (webtiles) character file.

427 JokEr the Skirmisher (level 6, -3/60 HPs)
             Began as a Minotaur Fighter on Dec 22, 2015.
             Killed from afar by an orc (6 damage)
             ... with a wand of flame
             ... on level 4 of the Dungeon.
             The game lasted 00:09:45 (2712 turns).

JokEr the Skirmisher (Minotaur Fighter)             Turns: 2712, Time: 00:09:45

Health: -3/60      AC:  6    Str: 22    XL:     6   Next: 65%
Magic:  14/14      EV:  7    Int:  5    God:
Gold:   196        SH:  9    Dex: 10    Spells: 0 memorised, 5 levels left

rFire  x . .     SeeInvis .     a - +1 long sword
rCold  + . .     Gourm    .     b - +0 scale mail
rNeg   . . .     Faith    .     c - +0 shield
rPois  .         Spirit   .     (helmet restricted)
rElec  .         Dismiss  .     (no cloak)
rCorr  .         Reflect  .     (no gloves)
SustAt .         Harm     .     (no boots)
MR     .....                    (no amulet)
Stlth  ..........               i - ring of ice
                                g - ring of magical power

@: lethally poisoned (-3 -> -4), not resistant to hostile enchantments,
extremely unstealthy
A: retaliatory headbutt, horns 2
a: no special abilities


You were on level 4 of the Dungeon.
You were hungry.

You visited 1 branch of the dungeon, and saw 4 of its levels.

You collected 196 gold pieces.

Inventory:

Hand Weapons
 a - a +1 long sword (weapon)
Armour
 b - a +0 scale mail (worn)
 c - a +0 shield (worn)
Jewellery
 g - a ring of magical power (left hand)
 i - a ring of ice (right hand)
Scrolls
 d - a scroll of recharging
 j - a scroll of remove curse
 m - a scroll of identify
Comestibles
 f - 3 bread rations
 h - 5 meat rations
 k - a slice of pizza
 n - a beef jerky


   Skills:
 + Level 7.0 Fighting
 + Level 6.2 Long Blades
 - Level 3.6 Armour
 - Level 3.6 Shields


You had 5 spell levels left.
You didn't know any spells.

Dungeon Overview and Level Annotations

Branches:
Dungeon (4/15)
 Temple: D:4-7

Altars:
Kikubaaqudgha


Innate Abilities, Weirdness & Mutations

You reflexively headbutt those who attack you in melee.
You have a pair of horns on your head.


Message History

You feel sick.
The orc zaps a wand.
You block the puff of flame. The scorpion stings you.
* * * LOW HITPOINT WARNING * * *
You barely miss the scorpion.
The scorpion is almost dead.
The scorpion stings you.
* * * LOW HITPOINT WARNING * * *
Your shield prevents you from hitting the scorpion.
The scorpion is almost dead.
You feel sick. The scorpion barely misses you. You furiously retaliate!
You headbutt the scorpion.
The orc zaps a wand.
The puff of flame hits you! The fire burns you terribly!
* * * LOW HITPOINT WARNING * * *
Read which item? (? for menu, Esc to quit)
Okay, then.
You closely miss the scorpion.
The scorpion is almost dead.
You block the scorpion's attack.
The orc zaps a wand.
The puff of flame hits you! The fire burns you terribly!
You die...

#. # ####.###
.......... #.#...(.##
# ........ .##
#....?#...##
#..os..<... #.
#.#@##...## #.#
#.####.......... #.#
#
#........##...#.##.#
#.
#.....†......##.##.#
#..
##.####.#.###.##.##.#
...##...###.#.#
#.##.#
............#.#
###.##.#
.###...###.#.#
..#.##.# ##.## #.#.#
#.#.##.#


You could see a scorpion and an orc.

Vanquished Creatures
  The ghost of afd the Magician, an amateur DEFE (D:3)
  Blork the orc (D:4)
  An orc wizard (D:3)
  A worker ant (D:4)
  Robin (D:3)
  4 adders
  3 gnolls
  4 worms
  2 giant geckos
  4 orcs (D:3)
  A giant cockroach (D:2)
  10 hobgoblins
  3 jackals (D:3)
  4 kobolds
  A quokka (D:4)
  3 bats (D:1)
  3 giant newts
  20 goblins
  4 rats
71 creatures vanquished.

Notes
Turn   | Place    | Note
--------------------------------------------------------------
     0 | D:1      | JokEr the Minotaur Fighter began the quest for the Orb.
     0 | D:1      | Reached XP level 1. HP: 19/19 MP: 0/0
   161 | D:1      | Reached skill level 4 in Fighting
   174 | D:1      | Reached XP level 2. HP: 27/27 MP: 1/1
   700 | D:2      | Found a faded altar to an unknown god.
   895 | D:1      | Reached XP level 3. HP: 12/34 MP: 2/2
  1730 | D:2      | Reached skill level 5 in Fighting
  1786 | D:2      | Reached XP level 4. HP: 42/42 MP: 3/3
  1837 | D:3      | Noticed afd's ghost (amateur DEFE)
  1842 | D:3      | Killed afd's ghost
  1842 | D:3      | Reached skill level 6 in Fighting
  1842 | D:3      | Reached skill level 5 in Long Blades
  1842 | D:3      | Reached XP level 5. HP: 47/50 MP: 4/4
  1942 | D:3      | Reached XP level 6. HP: 58/58 MP: 5/5
  2137 | D:3      | Found an ancient bone altar of Kikubaaqudgha.
  2382 | D:3      | Noticed Robin
  2388 | D:3      | Killed Robin
  2589 | D:4      | Noticed Blork the orc
  2599 | D:4      | Killed Blork the orc
  2599 | D:4      | Reached skill level 7 in Fighting
  2711 | D:4      | HP: 3/60 [orc/wand of flame (7)]
  2712 | D:4      | Killed from afar by an orc

Vault maps used:
D:1:      roderic_crop_circles_arrival_small, interstate_on_off
D:2:      ecumenical_altar_1
D:3:      kennysheep_goblin_castle, overflow_temple_1_default, first_bread
D:4:      nicolae_ru_sacrificial_ziggurat, lemuel_crystal_altar,
          uniq_blork_the_orc

Action                   |  1- 3 |  4- 6 || total
-------------------------+-------+-------++-------
Melee: Long sword        |    67 |   104 ||   171
  Use: Scroll            |     4 |     3 ||     7
       Potion            |       |     2 ||     2
  Eat: Chunk             |     3 |     2 ||     5
